 Dungeon Crawl Stone Soup version 0.27-a0-1147-gb3d8e82157 (webtiles) character file.

Game seed: 775452057484506405

575 Shayle the Skirmisher (level 7, -2/42 HPs)
             Began as a Vine Stalker Warper on May 11, 2021.
             Slain by a bullfrog (4 damage)
             ... in a sewer.
             The game lasted 00:14:04 (3176 turns).

Shayle the Skirmisher (Vine Stalker Warper)         Turns: 3176, Time: 00:14:07

Health: -2/42      AC:  3    Str: 13    XL:     7   Next: 35%
Magic:  0/11       EV: 11    Int: 15    God:
Gold:   175        SH:  0    Dex: 14    Spells: 5/10 levels left

rFire    . . .     SeeInvis .   a - +0 hand axe
rCold    . . .     Faith    .   (no shield)
rNeg     + . .     Spirit   +   b - +0 leather armour
rPois    .         Reflect  .   (no helmet)
rElec    .         Harm     .   (no cloak)
rCorr    .         Rampage  .   (no gloves)
Will     .....                  (no boots)
Stlth    +.........             (no amulet)
HPRegen  1.14/turn              j - +4 ring of slaying
MPRegen  0.12/turn              n - ring of positive energy

@: confused, brilliant, lethally poisoned (-2 -> -3), ambrosia-drunk, attractive
A: fangs 2, regeneration 1, magic shield, antimagic bite, no potion heal 2
a: no special abilities


You were in a sewer.
You visited 1 branch of the dungeon, and saw 4 of its levels.
You also visited: Sewer.

You collected 175 gold pieces.

Inventory:

Hand Weapons
 a - a +0 hand axe (weapon)
Armour
 b - a +0 leather armour (worn)
Jewellery
 i - a ring of protection from fire
 j - a +4 ring of slaying (left hand)
 k - a ring of fire
 n - a ring of positive energy (right hand)
 q - a ring of ice
Scrolls
 f - a scroll of immolation {unknown}
 l - a scroll of magic mapping
 o - a scroll of holy word {unknown}
 p - a scroll of identify
 r - 3 scrolls of teleportation {unknown}
Potions
 c - 2 potions of haste
 e - a potion of berserk rage {unknown}
 m - a potion of resistance
 t - a potion of brilliance
 u - a potion of magic {unknown}


   Skills:
 + Level 7.2 Fighting
 - Level 1.7 Axes
 - Level 0.8 Throwing
 - Level 0.7 Armour
 - Level 1.5 Dodging
 - Level 2.1 Spellcasting
 - Level 3.0 Translocations


You had 5 spell levels left.
You knew the following spells:

 Your Spells              Type           Power      Damage    Failure   Level
a - Blink                 Tloc           N/A        N/A       12%         2
b - Teleport Other        Tloc           15%        N/A       24%         3

Your spell library contained the following spells:

 Spells                   Type           Power      Damage    Failure   Level
 Gell's Gravitas          Tloc           7%         N/A       24%         3
 Lesser Beckoning         Tloc           7%         N/A       24%         3
 Confusing Touch          Hex            2%         N/A       63%         3
 Manifold Assault         Tloc           15%        N/A       92%         5
 Petrify                  Tmut/Erth      2%         N/A       95%         4
 Metabolic Englaciation   Hex/Ice        1%         N/A       100%        5
 Yara's Violent Unravell  Hex/Tmut       1%         3d3       100%        5


Dungeon Overview and Level Annotations

Branches:
Dungeon (4/15)             Temple (0/1) D:4           Sewer (1/1)

Altars:

Annotations:
D:3 1 runed translucent door, Crazy Yiuf, Sigmund
D:4 2 transporters, Dowan, Duvessa


Innate Abilities, Weirdness & Mutations

You have extremely sharp teeth.
Your natural rate of healing is unusually fast.
When hurt, damage is shared between your health and your magic reserves.
Your bite disrupts and absorbs the magic of your enemies.
Potions cannot restore your health.


Message History

You feel sick. The bullfrog is pulled toward you!
The frilled lizard is pulled toward you!
The adder is pulled toward you! x2; The ball python is pulled toward you!
The bullfrog is pulled toward you! The ball python is pulled toward you!
The frilled lizard is pulled toward you! x2
You feel sick. The bullfrog closely misses you.
The bullfrog releases a deep croak.
The bullfrog misses you. The bullfrog hits you.
* * * LOW HITPOINT WARNING * * *
The adder is pulled toward you!
The frilled lizard is pulled toward you!
The ball python is pulled toward you!
The frilled lizard is pulled toward you!
Casting: Blink (safe; 12% risk of failure)
Confirm with . or Enter, or press ? or * to list all spells.
You feel a surge of power!
You blink.
You feel sick.
You are no longer poisoned.
The adder is pulled toward you! The bullfrog is pulled toward you!
The adder is pulled toward you! The bullfrog is pulled toward you!
The ball python is pulled toward you!
The frilled lizard is pulled toward you! x2
The ball python is pulled toward you! The adder bites you.
* * * LOW HITPOINT WARNING * * *
You are poisoned.
The adder poisons you! The bullfrog hits you.
* * * LOW HITPOINT WARNING * * *
The adder bites you.
* * * LOW HITPOINT WARNING * * *
You are more poisoned.
The adder poisons you!
The frilled lizard is pulled toward you!
It was a potion of ambrosia.
You are confused.
Your system rejects the healing.
You feel invigorated.
You feel sick. The bullfrog completely misses you.
The bullfrog barely misses you. The adder bites you.
* * * LOW HITPOINT WARNING * * *
The bullfrog hits you!
You die...

##### ####...####
####..†......####
##...........SF..##
#.......#....@.S..#
##......##'##SSFl..##
#......###..##l.l...#
#.≈≈≈≈## #..###≈≈≈≈##
#≈≈≈≈≈≈# #####≈≈≈§≈≈#
#≈≈≈≈≈≈# #≈≈≈≈≈≈#
#≈≈≈≈≈≈# #≈≈≈≈≈≈#
#≈≈≈≈≈≈# #≈≈≈≈≈≈#
#≈≈≈≈≈≈# #≈≈≈≈≈≈#


You could see 2 bullfrogs, 2 adders, 2 ball pythons and 3 frilled lizards.

Vanquished Creatures
  Grinder (D:3)
  A necrophage (D:3)
  A hound (D:4)
  Ijyb (D:3)
  An orc wizard (D:3)
  4 gnolls
  An adder (D:3)
  5 river rats (Sewer)
  A worm (D:2)
  3 dart slugs
  3 orcs (D:3)
  20 ball pythons
  4 endoplasms
  5 giant cockroaches
  3 goblins
  7 hobgoblins
  7 jackals
  A quokka (D:1)
  6 bats
  4 frilled lizards
  6 kobolds
  27 rats
112 creatures vanquished.

Notes
Turn   | Place    | Note
-------+----------+-------------------------------------------
     0 | D:1      | Shayle the Vine Stalker Warper began the quest for the Orb.
     0 | D:1      | Reached XP level 1. HP: 11/11 MP: 4/4
    58 | D:1      | Reached skill level 2 in Fighting
    78 | D:1      | Reached XP level 2. HP: 15/16 MP: 6/6
   503 | D:1      | Reached skill level 3 in Fighting
   624 | D:1      | Reached XP level 3. HP: 19/20 MP: 7/7
  1545 | D:2      | Learned a level 2 spell: Blink
  1549 | D:2      | Learned a level 3 spell: Teleport Other
  1822 | D:2      | Gained mutation: Your natural rate of healing is unusually
                  | fast. [Vine Stalker growth]
  1822 | D:2      | Reached XP level 4. HP: 23/25 MP: 8/8
  1953 | D:2      | Reached skill level 4 in Fighting
  2107 | D:2      | Found a faded altar of an unknown god.
  2336 | D:3      | Found a runed translucent door.
  2337 | D:3      | Noticed Crazy Yiuf
  2399 | D:3      | Noticed Grinder
  2410 | D:3      | Killed Grinder
  2411 | D:3      | Reached skill level 6 in Fighting
  2411 | D:3      | Reached XP level 5. HP: 32/32 MP: 9/9
  2411 | D:3      | Reached XP level 6. HP: 36/36 MP: 10/10
  2421 | D:3      | Noticed a necrophage
  2426 | D:3      | Killed a necrophage
  2572 | D:3      | Noticed Ijyb
  2586 | D:3      | Noticed Sigmund
  2594 | D:3      | Killed Ijyb
  2601 | D:3      | Reached XP level 7. HP: 30/41 MP: 8/11
  2636 | D:4      | Noticed Duvessa
  2636 | D:4      | Noticed Dowan
  2657 | D:4      | Found a transporter.
  2666 | D:4      | Found a transporter.
  2734 | D:4      | Found a glowing drain.
  2745 | Sewer    | Entered a sewer
  2852 | Sewer    | Reached skill level 7 in Fighting
  3176 | Sewer    | HP: 2/42 [adder (1)]
  3176 | Sewer    | Slain by a bullfrog

Illustrated notes

Levels and vault maps discovered:
D:1:      zelgadis_glass_arrival_small, layout_rooms
D:2:      layout_basic, chequers_ecumenical_altar_simple_redux,
          minmay_fractal_squares_5
D:3:      layout_basic, uniq_sigmund, uniq_grinder, uniq_ijyb,
          uniq_crazy_yiuf_cottage
D:4:      gammafunk_wand_slinger, layout_basic, minmay_temple_entry_glass,
          portal_sewer_entry_e, uniq_duvessa
Sewer:    sewer_minmay_w

Skill      XL: |  1  2  3  4  5  6  7 |
---------------+----------------------+-----
Fighting       | 2 3 6 7 |  7.2
Axes           | |  1.7
Throwing       | |  0.8
Armour         | |  0.7
Dodging        | |  1.5
Spellcasting   | |  2.1
Translocations | |  3.0

Action                   |  1- 3 |  4- 6 |  7- 9 || total
-------------------------+-------+-------+-------++-------
Melee: Hand axe          |    96 |    66 |    84 ||   246
       Bite              |    20 |    21 |    19 ||    60
Throw: Boomerang         |     1 |     4 |       ||     5
 Cast: Blink             |       |       |     4 ||     4
  Use: Scroll            |       |     2 |     3 ||     5
       Potion            |       |     1 |     5 ||     6
Armor: Leather armour    |    28 |    11 |    40 ||    79
Dodge: Dodged            |    67 |    35 |   139 ||   241

Table legend: (Time is in decaauts)
 A = Elapsed time spent in this place.
 B = Non-inter-level travel time spent in this place.
 C = Inter-level travel time spent in this place.
 D = Time resting spent in this place.
 E = Time spent auto-exploring this place.
 F = Levels seen in this place.
 G = Mean time per level.
                   A        B        C        D        E       F      G
               +--------+--------+--------+--------+--------+-----+--------+
         Total |   3301 |   3223 |     78 |    724 |   1356 |   5 |  660.2 |
       Dungeon |   2792 |   2714 |     78 |    611 |   1280 |   4 |  698.0 |
         Sewer |    509 |    509 |      0 |    113 |     76 |   1 |  509.0 |
               +--------+--------+--------+--------+--------+-----+--------+

Top non-repeatable levels by time:
     D:1: 1291 daAuts
     D:2: 1000 daAuts
   Sewer: 509 daAuts
     D:3: 383 daAuts
     D:4: 115 daAuts
